 Dungeon Crawl Stone Soup version 0.19-a0-1850-g63fd1ff (webtiles) character file.

5074 Psiweapon the Nimble (level 10, -3/74 HPs)
             Began as a Minotaur Monk on Oct 10, 2016.
             Was a Believer of Dithmenos.
             Killed from afar by a worker ant (17 damage)
             ... with an exploding inner flame
             ... hexed by the player character
             ... on level 9 of the Dungeon.
             The game lasted 00:34:34 (11539 turns).

Psiweapon the Nimble (Minotaur Monk)               Turns: 11539, Time: 00:34:35

Health: -3/74      AC:  5    Str: 18    XL:     10   Next: 31%
Magic:  0/9        EV: 22    Int:  7    God:    Dithmenos [**....]
Gold:   298        SH:  0    Dex: 17    Spells: 0 memorised, 9 levels left

rFire  + . .     SeeInvis .     a - +3 falchion
rCold  . . .     Gourm    .     R - +2 robe {rF+}
rNeg   . . .     Faith    .     (no shield)
rPois  .         Spirit   +     (helmet restricted)
rElec  .         Dismiss  .     (no cloak)
rCorr  .         Reflect  .     (no gloves)
MR     +....     Harm     .     Z - +0 pair of boots
Stlth  +++....... Clarity  +    f - amulet of guardian spirit
                                y - ring of protection from magic
                                Q - +3 ring of strength

@: lethally poisoned (-3 -> -6), wreathed by umbra, drained
A: retaliatory headbutt, horns 2, clarity, deterioration 1, frail 1, slow
regeneration 1
a: Shadow Step, Renounce Religion


You were on level 9 of the Dungeon.
You worshipped Dithmenos.
Dithmenos was pleased with you.
You were not hungry.

You visited 2 branches of the dungeon, and saw 11 of its levels.

You collected 298 gold pieces.

Inventory:

Hand Weapons
 a - a +3 falchion (weapon)
 b - a +0 shortbow of freezing
 K - a +0 rapier
 P - a +2 vampiric hand axe
 S - a +2 trident of flaming
 V - a +2 dire flail
 Y - a +3 morningstar
Missiles
 h - 43 poisoned needles
 H - 76 arrows
Armour
 o - a +0 pair of gloves
 R - a +2 robe of fire resistance (worn)
 Z - a +0 pair of boots (worn)
Magical Staves
 U - an uncursed staff of cold {unknown}
Jewellery
 f - an amulet of guardian spirit (around neck)
 s - a +2 amulet of reflection
 t - a +5 ring of intelligence
 y - a ring of protection from magic (right hand)
 Q - a +3 ring of strength (left hand)
 W - an uncursed ring of wizardry
 X - an uncursed ring of fire
Wands
 C - a wand of confusion (23/48)
 F - a wand of teleportation (5/9)
 J - a wand of teleportation (5/9)
 M - a wand of enslavement (12/24)
Scrolls
 e - a scroll of immolation
 i - 2 scrolls of fear {unknown}
 j - 4 scrolls of teleportation
 k - 2 scrolls of noise
 r - 3 scrolls of recharging {unknown}
 u - a scroll of blinking {unknown}
 v - a scroll of enchant armour {unknown}
 x - a scroll of magic mapping {unknown}
 z - 2 scrolls of remove curse
 A - 2 scrolls of amnesia {unknown}
 D - 3 scrolls of identify
 G - a scroll of holy word {unknown}
Potions
 l - 2 potions of degeneration {unknown}
 m - 3 potions of curing
 n - a potion of flight {unknown}
 p - a potion of resistance {unknown}
 q - a potion of might
 w - a potion of agility {unknown}
 E - a potion of mutation {unknown}
 I - 2 potions of brilliance
 N - a potion of magic
 O - a potion of cure mutation {unknown}
 T - a potion of heal wounds
Comestibles
 c - 9 bread rations
 d - 6 meat rations
 g - 3 royal jellies
 B - 2 chunks of flesh
 L - 11 fruits


   Skills:
 + Level 6.0(5.8) Fighting
 - Level 10.0(9.8) Long Blades
 - Level 13.0(12.7) Dodging
 + Level 3.8(3.5) Stealth


You had 9 spell levels left.
You didn't know any spells.

Dungeon Overview and Level Annotations

Branches:
Dungeon (10/15)            Temple (1/1) D:5
   Lair: D:8-11         Orc: D:9-12

Altars:
Ashenzari
Cheibriados
Dithmenos
Elyvilon
Fedhas
Gozag
Hepliaklqana
Kikubaaqudgha
Makhleb
Nemelex Xobeh
Okawaru
Qazlal
Ru
Sif Muna
Trog
Uskayaw
Vehumet
Xom
Yredelemnul
Zin
The Shining One

Annotations:
D:8 Cactus's ghost, novice DrWz; Grum


Innate Abilities, Weirdness & Mutations

You reflexively headbutt those who attack you in melee.
You have a pair of horns on your head.
You possess an exceptional clarity of mind.
Your body sometimes deteriorates upon taking damage.
You are frail. (-10% HP)
You regenerate slowly when monsters are visible.


Message History

The fiery explosion engulfs the orc.
The orc explodes!
The fiery explosion engulfs the orc warrior.
The orc warrior explodes!
The fiery explosion engulfs the orc priest.
The orc priest explodes!
The fiery explosion engulfs the orc.
You kill the orc!
Dithmenos accepts your kill. x2
You feel your dexterity returning.
The fiery explosion engulfs the wyvern.
The wyvern explodes!
The fiery explosion engulfs you! You resist.
* * * LOW HITPOINT WARNING * * *
Dithmenos accepts your kill. x2
Your base Fighting skill increases to level 6!
Dithmenos accepts your kill. x2
Dithmenos appreciates your extinguishing a source of fire.
The fiery explosion engulfs you! You resist.
You die...

####### #### #.....! #..#
....... #..#
......§##########..#
#.....§§§§@........#######
#...%(§§§§§§%...)........#
'(.(..§§§§§§(............#
#..#############'#####...##
#. #.................#.....
# #.................'.....
#.................#.....
#...............###.....
#...............#......)


There were no monsters in sight!

Vanquished Creatures
  A hill giant (D:9)
  A hippogriff (D:7)
  2 wyverns (D:9)
  A hungry ghost (D:4)
  4 sky beasts
  2 orc warriors
  A black bear (D:8)
  3 phantoms
  2 eyes of draining
  3 centaurs
  A wolf (D:7)
  2 ogres
  A bullfrog (D:6)
  3 scorpions
  A water moccasin skeleton (D:5)
  17 wights
  A howler monkey (D:6)
  3 jellies
  A centaur zombie (D:7)
  5 crimson imps
  A quasit (D:6)
  5 orc priests
  2 hounds (D:5)
  2 bullfrog skeletons (D:6)
  Jessica (D:3)
  Natasha (thrice) (D:4)
  3 iguanas (D:6)
  8 orc wizards
  2 worker ants
  A hound zombie (D:6)
  3 hound skeletons
  Robin (D:3)
  11 adders
  6 gnolls
  4 shadow imps
  An ooze (D:1)
  4 worms
  2 dart slugs (D:1)
  9 leopard geckos
  24 orcs
  A ball python (D:5)
  3 bats (D:2)
  A bat zombie (D:6)
  3 giant cockroaches
  22 goblins
  9 hobgoblins
  3 jackals (D:7)
  7 quokkas
  7 frilled lizards
  11 kobolds
  3 leopard gecko skeletons
  4 rats
  A rat zombie (D:6)
223 creatures vanquished.

Notes
Turn   | Place    | Note
-------+----------+-------------------------------------------
     0 | D:1      | Psiweapon the Minotaur Monk began the quest for the Orb.
     0 | D:1      | Reached XP level 1. HP: 19/19 MP: 0/0
   210 | D:1      | Reached XP level 2. HP: 21/26 MP: 1/1
   482 | D:2      | Found a burning altar of Makhleb.
   484 | D:2      | Noticed an Executioner
   633 | D:4      | Reached skill level 5 in Long Blades
   655 | D:4      | Noticed a phantom
   869 | D:3      | Reached XP level 3. HP: 31/31 MP: 2/2
  1085 | D:4      | Noticed Robin
  1093 | D:3      | Reached XP level 4. HP: 25/39 MP: 3/3
  1260 | D:2      | Found a shimmering altar of Xom.
  2415 | D:3      | Killed Robin
  2415 | D:3      | Reached XP level 5. HP: 13/45 MP: 2/4
  2743 | D:5      | Entered Level 5 of the Dungeon
  2785 | D:5      | Noticed a sky beast
  2870 | D:5      | Reached XP level 6. HP: 49/51 MP: 5/5
  3230 | D:6      | Found an ancient bone altar of Kikubaaqudgha.
  3498 | D:6      | Found a sacrificial altar of Ru.
  3501 | D:6      | Found a blossoming altar of Fedhas.
  3504 | D:6      | Found an opulent altar of Gozag.
  3535 | D:6      | Noticed a sky beast
  3535 | D:6      | Reached XP level 7. HP: 57/57 MP: 6/6
  3557 | D:6      | Reached skill level 10 in Long Blades
  3800 | D:6      | Found a white marble altar of Elyvilon.
  4067 | D:6      | Reached skill level 4 in Dodging
  4734 | D:5      | Reached skill level 5 in Dodging
  5325 | D:5      | Reached skill level 6 in Dodging
  5325 | D:5      | Reached XP level 8. HP: 22/64 MP: 2/7
  5619 | D:5      | Gained mutation: You evolve. [mutagenic meat]
  5622 | D:5      | Gained mutation: You regenerate slowly when monsters are visible. [mutagenic meat]
  5625 | D:5      | Gained mutation: Your body sometimes deteriorates upon taking damage. [mutagenic meat]
  5628 | D:5      | Gained mutation: You are frail. (-10% HP) [mutagenic meat]
  5631 | D:5      | Gained mutation: You possess an exceptional clarity of mind. [mutagenic meat]
  5724 | D:5      | Reached skill level 7 in Dodging
  5726 | D:5      | Found a staircase to the Ecumenical Temple.
  5737 | Temple   | Entered the Ecumenical Temple
  6165 | D:5      | Reached skill level 8 in Dodging
  6395 | D:4      | Noticed Natasha
  6405 | D:4      | Killed Natasha
  6456 | D:4      | Found a shattered altar of Ashenzari.
  6495 | D:4      | Reached skill level 9 in Dodging
  6510 | D:4      | Noticed Natasha
  6519 | D:4      | Killed Natasha
  6716 | D:4      | Noticed Natasha
  6729 | D:4      | Killed Natasha
  7005 | D:3      | Found a deep blue altar of Sif Muna.
  7079 | D:3      | Noticed Jessica
  7081 | D:3      | Killed Jessica
  7588 | D:7      | Lost mutation: You evolve. [mutagenic meat]
  7608 | D:7      | Reached skill level 10 in Dodging
  7644 | D:7      | Reached XP level 9. HP: 55/63 MP: 6/8
  8451 | D:7      | Reached skill level 11 in Dodging
  8464 | D:8      | Noticed Grum
  8465 | D:8      | Noticed Cactus's ghost (novice DrWz)
  9407 | D:7      | Found a hazy altar of Hepliaklqana.
  9846 | D:7      | Reached skill level 12 in Dodging
  9988 | D:7      | Found a shadowy altar of Dithmenos.
  9994 | D:7      | Became a worshipper of Dithmenos the Shadowed
  9994 | D:7      | Reached * piety under Dithmenos
  9994 | D:7      | Reached ** piety under Dithmenos
 10724 | D:7      | HP: 3/63 [phantom (6)]
 11077 | D:8      | Reached skill level 13 in Dodging
 11092 | D:9      | Noticed a hill giant
 11104 | D:9      | Killed a hill giant
 11104 | D:9      | Reached XP level 10. HP: 41/72 MP: 1/9
 11267 | D:10     | Entered Level 10 of the Dungeon
 11312 | D:9      | Reached skill level 5 in Fighting
 11539 | D:9      | Killed from afar by a worker ant

Vault maps used:
D:1:      eino_arrival_druids_welcome
D:2:      makhleb_altar_promises_db, xom_teletrap_fun
D:3:      lemuel_blue_sif_altar, uniq_jessica
D:4:      evilmike_ruin_ashenzari, uniq_robin, uniq_natasha
D:5:      first_bread, corner_web_ring, kennysheep_opposing_triangles
D:6:      lemuel_zombie_altar_kikubaaqudgha, grunt_temple_overflow_cloverleaf,
          minmay_misc_feat_hallway
D:7:      kennysheep_mini, nicolae_dithmenos_the_darkroom, enter_bailey_3
D:8:      grunt_livestock, uniq_prince_ribbit1, uniq_grum
D:10:     serial_shops, shop, basic_altar, kennysheep_generic_room_5, uniq_erica
Temple:   compressed_dpeg_circular_temple

Skill      XL: |  1  2  3  4  5  6  7  8  9 10 |
---------------+-------------------------------+-----
Long Blades    | 4 5 7 8 9 10 | 10.0
Dodging        | 6 10 13 | 13.0
Fighting       | 4 6 |  6.0
Stealth        | 2 3 |  3.8

Action                   |  1- 3 |  4- 6 |  7- 9 | 10-12 || total
-------------------------+-------+-------+-------+-------++-------
Melee: Falchion          |    52 |    78 |   437 |    42 ||   609
       Headbutt          |    13 |    20 |   121 |    18 ||   172
 Fire: Hunting sling     |       |   102 |    31 |       ||   133
       Shortbow          |       |       |   122 |     4 ||   126
  Use: Scroll            |       |       |     8 |     2 ||    10
       Potion            |       |       |     6 |       ||     6
 Stab: Sleeping          |     3 |       |       |     1 ||     4
       Distracted        |       |       |     1 |       ||     1
  Eat: Chunk             |       |     7 |    20 |     1 ||    28
       Beef jerky        |       |     1 |     2 |       ||     3
       Pizza             |       |       |     1 |       ||     1
       Meat ration       |       |       |     1 |       ||     1
       Fruit             |       |       |       |     1 ||     1
Armor: Robe              |    11 |     4 |    34 |     6 ||    55
Dodge: Dodged            |    44 |    53 |   329 |    42 ||   468
       Rpst.: Falchion   |    10 |    17 |    79 |    12 ||   118
